 Seeded DCSS version 0.30-a0-930-gb9d0489357 (webtiles) character file.

Game seed: 17457649910997758288 (custom seed)

101 mistaj the Trooper (level 4, -4/25 HPs)
             Began as a Vine Stalker Fighter on Mar 24, 2023.
             Killed by divine providence
             ... invoked by an orc priest
              (15 damage)
             ... on level 3 of the Dungeon.
             The game lasted 00:02:25 (1509 turns).

mistaj the Trooper (Vine Stalker Fighter)           Turns: 1509, Time: 00:02:27

Health: -4/25      AC: 25    Str: 21    XL:     4   Next: 75%
Magic:  0/5        EV:  5    Int:  8    God:
Gold:   134        SH:  5    Dex: 18    Spells: 3/3 levels left

rFire   . . .      SeeInvis .    a - +0 flail
rCold   . . .      Faith    .    c - +0 buckler
rNeg    . . .      Spirit   +    n - +9 plate armour "Puvvoabbiq" {Contam Regen+ rCorr Dex+5}
rPois   .          Reflect  .    p - +2 helmet
rElec   .          Rampage  .    (no cloak)
rCorr   +                        m - +1 pair of gloves
Will    .....                    (no boots) Stlth
                                 (no amulet)
HPRegen 1.84/turn                (no ring)
MPRegen 0.09/turn                (no ring)

@: no status effects
A: fangs 2, regeneration 1, magic shield, antimagic bite, no potion heal 2
a: no special abilities


You were on level 3 of the Dungeon.
You visited 1 branch of the dungeon, and saw 3 of its levels.

You collected 134 gold pieces.

Inventory:

Hand Weapons
 a - a +0 flail (weapon)
Armour
 c - a +0 buckler (worn)
 m - a +1 pair of gloves (worn)
 n - the +9 plate armour "Puvvoabbiq" (worn) {Contam Regen+ rCorr Dex+5}
   (You found it on level 2 of the Dungeon)

   Dex:       It affects your dexterity (+5).
   Contam:    It causes magical contamination when unequipped.
   Regen:     It increases your rate of health regeneration.
   rCorr:     It protects you from acid and corrosion.
 p - a +2 helmet (worn)
Wands
 q - a wand of quicksilver (7)
Scrolls
 e - a scroll of identify {unknown}
 f - a scroll of immolation {unknown}
 j - a scroll of fear {unknown}
 k - a scroll of enchant weapon {unknown}
 l - 2 scrolls of teleportation {unknown}
 o - a scroll of summoning {unknown}
Potions
 b - a potion of lignification {unknown}
 d - 4 potions of might
 g - 3 potions of haste {unknown}
 h - a potion of heal wounds {unknown}
 i - 5 potions of curing {unknown}


   Skills:
 + Level 3.9 Fighting
 + Level 3.3 Maces & Flails
 - Level 2.4 Armour
 - Level 2.6 Shields


You had 3 spell levels left.
You didn't know any spells.
Your spell library contained the following spells:

 Spells                   Type           Power      Damage    Failure   Level
 Lesser Beckoning         Tloc           0%         N/A       100%        2
 Gell's Gravitas          Tloc           0%         N/A       100%        3
 Ozocubu's Armour         Ice            0%         N/A       100%        3
 Teleport Other           Tloc           0%         N/A       100%        3
 Ozocubu's Refrigeration  Ice            0%         4d7       100%        7


Dungeon Overview and Level Annotations

Branches:
Dungeon (3/15)

Altars:


Innate Abilities, Weirdness & Mutations

You have extremely sharp teeth.
Your natural rate of healing is unusually fast.
When hurt, damage is shared between your health and your magic reserves.
Your bite disrupts and absorbs the magic of your enemies.
Potions cannot restore your health.


Message History

You hit the orc.
The orc is heavily wounded.
You block the orc's attack. The orc hits you but does no damage.
You hit the orc. You bite the orc.
You kill the orc!
The orc shouts!
There is a large broken door here.
Things that are here:
a +0 dagger; a +0 leather armour The orc priest shouts!
The orc throws a boomerang.
The boomerang barely misses you.
The orc priest shouts!
The orc priest calls down the wrath of Beogh upon you.
Beogh smites you!
The orc priest calls down the wrath of Beogh upon you.
Beogh smites you!
* * * LOW HITPOINT WARNING * * *
You are too injured to fight recklessly!
You are too injured to fight recklessly!
You are too injured to fight recklessly!
The orc attacks as you move away! The orc hits you but does no damage. x2
The orc throws a boomerang.
You block the boomerang.
You are too injured to fight recklessly!
You are too injured to fight recklessly!
You are too injured to fight recklessly!
You are too injured to fight recklessly!
You hit the orc. You bite the orc, but do no damage.
The orc is almost dead.
The orc hits you but does no damage.
You closely miss the orc.
The orc is almost dead.
The orc hits you but does no damage. The orc barely misses you.
The orc hits you but does no damage.
You hit the orc.
You kill the orc!
The orc completely misses you.
The orc priest mumbles some strange prayers to Beogh against you.
Beogh smites you!
Ouch! That really hurt!
You die...

##########
#........#
###........#
#..........#
#..........#######
#.................
#.....#..oo.o.....
###...')#@#.......
###†).)....#.~...~.
#...#......#..o....
#..##......#.......
#...#>.....#.......
.....
#.#.+....#.#ooo..~.
..)...
#.#.#....#.#....
.....#
#.#.#...(..##.o..
.....#
#.#.#......###$o$
#....


You could see 2 orc priests and an orc.

Vanquished Creatures
  Robin (D:2)
  2 adders (D:2)
  A worm (D:2)
  4 dart slugs
  4 orcs (D:3)
  5 bats
  2 endoplasms
  A giant cockroach (D:2)
  10 goblins
  3 hobgoblins
  2 jackals (D:1)
  7 kobolds
  2 quokkas
  2 ball pythons
  4 frilled lizards
  7 rats
57 creatures vanquished.

Notes
Turn   | Place    | Note
-------+----------+-------------------------------------------
     0 | D:1      | mistaj the Vine Stalker Fighter began the quest for the
                  | Orb.
     0 | D:1      | Reached XP level 1. HP: 11/11 MP: 2/2
    63 | D:1      | Reached XP level 2. HP: 13/16 MP: 3/3
   503 | D:1      | Reached XP level 3. HP: 20/20 MP: 4/4
   935 | D:2      | Identified the +9 plate armour "Puvvoabbiq" {Contam Regen+
                  | rCorr Dex+5}
  1132 | D:2      | Noticed Robin
  1142 | D:2      | Killed Robin
  1143 | D:2      | Gained mutation: Your natural rate of healing is unusually
                  | fast. [Vine Stalker growth]
  1143 | D:2      | Reached XP level 4. HP: 25/25 MP: 5/5
  1509 | D:3      | Killed from afar by an orc priest

Illustrated notes

Levels and vault maps discovered:
D:1:      moated_graveyard_arrival, layout_loops_ring, grunt_decor_resistance
D:2:      layout_rooms, columned_hall_lemuel, st_stairs_3,
          minmay_misc_feat_ornament, minmay_split_cup_small, uniq_robin
D:3:      cheibrodos_pilgrimage, layout_basic, marbit_many_paths

Skill      XL: |  1  2  3 |
---------------+----------+-----
Maces & Flails | 2 3 |  3.3
Fighting       | 3 |  3.9
Armour         | |  2.4
Shields        | |  2.6

Action                     |  1- 3 |  4- 6 || total
---------------------------+-------+-------++-------
  Melee: Flail             |   105 |    34 ||   139
         Bite              |    23 |     9 ||    32
   Stab: Distracted        |     1 |       ||     1
 Armour: Scale mail        |    51 |       ||    51
         Plate armour      |    15 |    23 ||    38
  Dodge: Dodged            |    57 |     9 ||    66
  Block: Buckler           |    19 |     8 ||    27

Table legend: (Time is in decaauts)
 A = Elapsed time spent in this place.
 B = Non-inter-level travel time spent in this place.
 C = Inter-level travel time spent in this place.
 D = Time resting spent in this place.
 E = Time spent auto-exploring this place.
 F = Levels seen in this place.
 G = Mean time per level.
                   A        B        C        D        E       F      G
               +--------+--------+--------+--------+--------+-----+--------+
         Total |   1552 |   1460 |     92 |     36 |   1002 |   3 |  517.3 |
       Dungeon |   1552 |   1460 |     92 |     36 |   1002 |   3 |  517.3 |
               +--------+--------+--------+--------+--------+-----+--------+

Top non-repeatable levels by time:
     D:1: 846 daAuts
     D:2: 594 daAuts
     D:3: 112 daAuts
